Map: Lightshade LE

Players

KillJoySC

  • Race: Zerg Zerg
  • League: Master
  • Spawn Location: 5:00

Pumba - Winner!

  • Race: Zerg Zerg
  • League: Master
  • Spawn Location: 11:00

VOD

Have the link to the VOD?

Description

Time

  • Played on: Sept. 7, 2021, 7:26 p.m.
  • Length: 9:39
Show
View Real Time Build Order
Export as new Build Order

KillJoySC Zerg 

Build Orders: Pool First, Lurkers 

Get SALT Encoding   

  12  0:02  Drone  
  13  0:14  Overlord  
  13  0:18  Drone  
  14  0:33  Drone x2  
  16  0:42  Spawning Pool  
  15  0:46  Drone  
  16  0:54  Drone  
  17  1:12  Hatchery  
  17  1:15  Drone  
  17  1:29  Extractor  
  17  1:30  Zergling x4  
  17  1:31  Zergling x2  
  19  1:36  Queen  
  21  1:46  Overlord  
  21  1:55  Drone  
  22  2:05  Drone  
  23  2:14  Queen  
  25  2:17  Drone  
  26  2:24  Drone  
  26  2:25  Queen  
  28  2:32  Drone  
  28  2:36  Metabolic Boost  
  29  2:44  Evolution Chamber  
  29  2:47  Drone x2  
  29  2:50  Overlord  
  30  2:57  Spine Crawler  
  28  3:12  Evolution Chamber  
  27  3:20  Drone x6  
  33  3:33  Zerg Melee Weapons Level 1  
  33  3:44  Drone x2  
  33  3:46  Lair  
  35  3:49  Evolution Chamber  
  35  3:54  Drone x2  
  36  3:56  Overlord  
  35  4:11  Drone  
  35  4:15  Extractor  
  35  4:17  Drone x7  
  37  4:18  Drone  
  37  4:21  Extractor  
  42  4:26  Extractor  
  41  4:33  Drone x3  
  41  4:38  Overlord  
  44  4:46  Hydralisk Den  
  44  4:48  Drone  
  44  5:00  Drone x2  
  44  5:01  Drone  
  44  5:05  Drone x4  
  51  5:07  Drone  
  51  5:10  Hatchery  
  51  5:12  Overlord  
  51  5:19  Lurker Den  
  51  5:20  Drone  
  51  5:23  Zergling x2  
  51  5:25  Zerg Ground Armor Level 1  
  52  5:30  Overlord  
  52  5:33  Zergling x4  
  54  5:42  Zergling x4  
  56  5:43  Zergling x8  
  58  5:57  Zerg Missile Weapons Level 1  
  58  5:58  Hydralisk x5  
  68  6:05  Overlord x2  
  68  6:23  Queen x2  
  72  6:28  Overlord  
  72  6:29  Drone  
  72  6:32  Lurker x2  
  75  6:36  Hatchery  
  74  6:40  Hydralisk x3  
  74  6:44  Spore Crawler  
  73  6:47  Spore Crawler  
  73  6:49  Spore Crawler  
  73  6:51  Lurker x2  
  73  6:52  Lurker  
  74  7:06  Overlord x2  
  74  7:07  Overlord x6  
  69  7:29  Hydralisk x6  
  73  7:49  Queen x2  
  77  7:57  Lurker x3  
  80  8:08  Nydus Network  
  80  8:10  Drone  
  79  8:17  Hatchery  
  79  8:18  Drone x2  
  79  8:19  Drone x2  
  80  8:21  Extractor  
  80  8:27  Hydralisk x2  
  83  8:46  Hydralisk x5  
  93  8:59  Queen x2  
  97  9:08  Hydralisk x3  
Show
View Real Time Build Order
Export as new Build Order

Pumba Zerg - Winner!

Build Orders: Hatch First 

Get SALT Encoding   

  12  0:00  Drone  
  13  0:12  Overlord  
  13  0:17  Drone  
  14  0:32  Drone x2  
  16  0:49  Hatchery  
  15  0:52  Drone  
  15  0:56  Drone  
  17  0:59  Drone  
  18  1:10  Extractor  
  17  1:15  Spawning Pool  
  17  1:17  Drone  
  17  1:20  Drone  
  18  1:28  Drone  
  19  1:39  Drone  
  20  1:49  Overlord  
  20  2:01  Queen  
  20  2:02  Queen  
  20  2:03  Zergling x4  
  26  2:11  Zergling x2, Metabolic Boost  
  27  2:16  Drone  
  28  2:31  Drone x2  
  30  2:37  Hatchery  
  28  2:47  Drone  
  28  2:48  Baneling Nest  
  28  2:56  Drone x2  
  29  3:01  Drone x2  
  29  3:02  Zergling x2  
  32  3:09  Overlord  
  32  3:21  Lair  
  32  3:22  Drone x2  
  32  3:23  Extractor  
  34  3:28  Zergling x4  
  34  3:32  Drone x2  
  38  3:41  Drone x2  
  38  3:42  Drone x2  
  41  3:51  Drone x3  
  41  3:52  Drone x2  
  41  3:55  Extractor x2  
  44  3:59  Overlord  
  43  4:04  Drone x2  
  44  4:13  Drone  
  44  4:14  Drone x2  
  47  4:26  Spire  
  47  4:27  Drone x3  
  49  4:32  Roach Warren  
  49  4:33  Drone, Spine Crawler  
  49  4:34  Drone x2  
  50  4:42  Drone x4  
  50  4:43  Overlord  
  53  4:54  Drone  
  53  4:55  Baneling Nest, Drone  
  53  4:58  Queen  
  56  5:02  Zergling x12  
  62  5:07  Overlord  
  62  5:13  Overlord  
  62  5:14  Overlord  
  62  5:32  Drone x6  
  62  5:33  Drone x2, Extractor  
  62  5:34  Drone x2  
  71  5:39  Centrifugal Hooks  
  70  6:01  Extractor  
  70  6:02  Mutalisk x9  
  87  6:08  Overlord x4  
  87  6:16  Zerg Flyer Weapons Level 1  
  87  6:21  Drone x2  
  89  6:38  Drone x7  
  96  6:44  Zergling x12  
  102  6:49  Hatchery  
  102  6:50  Overseer  
  102  6:53  Overlord x2  
  101  6:58  Mutalisk x2  
  101  6:59  Mutalisk x4  
  113  7:12  Baneling  
  113  7:13  Baneling  
  113  7:16  Zergling x12  
  119  7:29  Drone x5  
  118  7:30  Queen  
  119  7:42  Mutalisk x5  
  129  7:48  Baneling x12  
  129  7:49  Baneling  
  129  7:56  Overlord x4  
  129  8:10  Zergling x14  
  135  8:24  Zergling x22  
  135  8:25  Baneling x10  
  146  8:32  Overlord x2  
  146  8:37  Pneumatized Carapace  
  146  8:40  Mutalisk x3  
  152  8:42  Zergling x6  
  154  9:16  Zergling x18  
Tags
 
Add a new tag
Caveats
  • Supply blocks, unpowered buildings, or Contaminate may cause inaccurate times.
  • Supply counts are checked every 10 seconds.